 Dungeon Crawl Stone Soup version 0.30-a0-870-gc5d4c5acee (webtiles) character file.

Game seed: 10013121206256495073

290 cforsyth the Trooper (level 6, -2/51 HPs)
             Began as a Barachi Fighter on Mar 12, 2023.
             Slain by a mummy (12 damage)
             ... in an ossuary.
             The game lasted 00:03:49 (3158 turns).

cforsyth the Trooper (Barachi Fighter)              Turns: 3158, Time: 00:03:49

Health: -2/51      AC:  7    Str: 20    XL:     6   Next: 32%
Magic:  6/6        EV:  9    Int:  8    God:
Gold:   121        SH:  5    Dex: 11    Spells: 5/5 levels left

rFire   . . .      SeeInvis .    a - +0 war axe
rCold   . . .      Faith    .    c - +0 buckler
rNeg    . . .      Spirit   .    b - +0 scale mail
rPois   .          Reflect  .    (no helmet)
rElec   .          Rampage  .    (no cloak)
rCorr   .                        (no gloves)
Will    .....                    (no boots) Stlth
                                 (no amulet)
HPRegen 0.28/turn                (no ring)
MPRegen 0.10/turn                (no ring)

@: slow
A: amphibious, slowness 1, strong legs 1, +LOS, hooves 1
a: Hop


You were in an ossuary.
You visited 1 branch of the dungeon, and saw 4 of its levels.
You also visited: Ossuary.

You collected 121 gold pieces.

Inventory:

Hand Weapons
 a - a +0 war axe (weapon)
Armour
 b - a +0 scale mail (worn)
 c - a +0 buckler (worn)
Wands
 o - a wand of polymorph (12)
Scrolls
 e - 2 scrolls of identify {unknown}
 f - a scroll of enchant armour {unknown}
 g - a scroll of torment {unknown}
 h - a scroll of silence {unknown}
 j - a scroll of summoning {unknown}
 k - 2 scrolls of vulnerability {unknown}
 m - a scroll of enchant weapon {unknown}
 n - a scroll of immolation {unknown}
Potions
 d - a potion of might
 i - a potion of degeneration


   Skills:
 + Level 5.2 Fighting
 + Level 3.9 Axes
 + Level 5.2 Armour
 + Level 4.7 Shields


You had 5 spell levels left.
You didn't know any spells.
Your spell library contained the following spells:

 Spells                   Type           Power      Damage    Failure   Level
 Malign Gateway           Summ/Tloc      0%         N/A       100%        7
 Summon Horrible Things   Summ           0%         N/A       100%        8


Dungeon Overview and Level Annotations

Branches:
Dungeon (5/15)            Ossuary (1/1)
 Temple: D:4-7

Altars:


Innate Abilities, Weirdness & Mutations

You are amphibious.
You cover ground slowly.
You can hop short distances.
You have an extended range of vision and can be seen from far away.
You have large cloven feet.


Message History

The mummy is almost destroyed.
You slash the mummy!
You destroy the mummy!
You start resting.
HP restored.
You start waiting.
Done waiting.
There is a gate leading back out of this place here. 2 mummies come into view.
You hit the mummy.
The mummy is lightly damaged.
You block the mummy's attack.
You slash the mummy! Your kick misses the mummy.
The mummy is heavily damaged.
You hit the mummy but do no damage. The mummy hits you but does no damage.
The mummy barely misses you.
You hit the mummy. You kick the mummy, but do no damage.
The mummy is severely damaged.
You slash the mummy! You block the mummy's attack.
You hit the mummy but do no damage. You kick the mummy, but do no damage.
The mummy is severely damaged.
You slash the mummy! The mummy hits you!
You closely miss the mummy. You kick the mummy.
The mummy is almost destroyed.
You hit the mummy. The mummy hits you! x2
* * * LOW HITPOINT WARNING * * *
You are too injured to fight recklessly!
You are too injured to fight recklessly!
You are too injured to fight recklessly!
You are too injured to fight recklessly!
You are too injured to fight recklessly!
You are too injured to fight recklessly!
You are too injured to fight recklessly!
You are too injured to fight recklessly!
You hit the mummy but do no damage. Your kick misses the mummy.
The mummy is severely damaged.
You hit the mummy. The mummy hits you.
* * * LOW HITPOINT WARNING * * *
The mummy hits you!
You die...

#....#
#....#
#....#
#....#
#....#
#....#
#....#
#..MM#
#.∩∩@#
######


You could see 2 mummies.

Vanquished Creatures
  A hound (D:5)
  An orc priest (D:3)
  An iguana (D:5)
  2 orc wizards (D:3)
  4 mummies (Ossuary)
  Robin (D:2)
  An adder (D:2)
  3 dart slugs
  A worm (D:2)
  3 orcs (D:3)
  5 endoplasms
  4 giant cockroaches
  7 hobgoblins
  4 jackals
  3 quokkas
  2 ball pythons (D:2)
  6 bats
  2 frilled lizards (D:1)
  11 goblins
  A hobgoblin zombie (Ossuary)
  5 kobolds
  3 kobold zombies (Ossuary)
  4 orc zombies (Ossuary)
  4 rats
79 creatures vanquished.

Notes
Turn   | Place    | Note
-------+----------+-------------------------------------------
     0 | D:1      | cforsyth the Barachi Fighter began the quest for the Orb.
     0 | D:1      | Reached XP level 1. HP: 18/18 MP: 1/1
   284 | D:1      | Reached XP level 2. HP: 24/25 MP: 2/2
   964 | D:2      | Reached XP level 3. HP: 30/30 MP: 3/3
  1080 | D:2      | Noticed Robin
  1098 | D:2      | Killed Robin
  1117 | D:2      | Reached XP level 4. HP: 9/37 MP: 4/4
  2036 | D:3      | Found a faded altar of an unknown god.
  2050 | D:3      | Reached XP level 5. HP: 26/43 MP: 5/5
  2456 | D:3      | You fall into a shaft and drop 2 floors!
  2456 | D:5      | Entered Level 5 of the Dungeon
  2456 | D:5      | Found a sand-covered staircase.
  2469 | D:5      | Reached skill level 5 in Fighting
  2469 | D:5      | Reached skill level 5 in Armour
  2469 | D:5      | Reached XP level 6. HP: 13/51 MP: 6/6
  2473 | Ossuary  | Entered an ossuary
  2499 | Ossuary  | Gained mutation: You have large cloven feet. [potion of
                  | mutation]
  2499 | Ossuary  | Gained mutation: You have hoof-like feet. [potion of
                  | mutation]
  2499 | Ossuary  | Lost mutation: You have hoof-like feet. [potion of
                  | mutation]
  3158 | Ossuary  | Slain by a mummy

Illustrated notes

Levels and vault maps discovered:
D:1:      minmay_arrival_statue_studded, layout_basic, nrook_mini_vaults,
          minmay_pentomino_t2
D:2:      layout_loops_ring, uniq_robin
D:3:      layout_loops_corners, shapermc_ecumenical_altar_starsandcircs
D:5:      layout_basic, enter_ossuary_1, uniq_eustachio
Ossuary:  ossuary_tomb_3

Skill      XL: |  1  2  3  4  5 |
---------------+----------------+-----
Armour         | 4 5 |  5.2
Fighting       | 4 5 |  5.2
Axes           | 3 |  3.9
Shields        | 4 |  4.7

Action                     |  1- 3 |  4- 6 || total
---------------------------+-------+-------++-------
  Melee: War axe           |   102 |   174 ||   276
         Kick              |       |    13 ||    13
    Use: Potion            |     2 |     1 ||     3
 Armour: Scale mail        |    67 |    84 ||   151
  Dodge: Dodged            |    60 |    60 ||   120
  Block: Buckler           |    26 |    32 ||    58

Table legend: (Time is in decaauts)
 A = Elapsed time spent in this place.
 B = Non-inter-level travel time spent in this place.
 C = Inter-level travel time spent in this place.
 D = Time resting spent in this place.
 E = Time spent auto-exploring this place.
 F = Levels seen in this place.
 G = Mean time per level.
                   A        B        C        D        E       F      G
               +--------+--------+--------+--------+--------+-----+--------+
         Total |   3634 |   3607 |     27 |    550 |   2335 |   5 |  726.8 |
       Dungeon |   2925 |   2898 |     27 |     10 |   2319 |   4 |  731.2 |
       Ossuary |    709 |    709 |      0 |    540 |     15 |   1 |  709.0 |
               +--------+--------+--------+--------+--------+-----+--------+

Top non-repeatable levels by time:
     D:1: 1010 daAuts
     D:2: 960 daAuts
     D:3: 933 daAuts
 Ossuary: 709 daAuts
     D:5: 21 daAuts
